AoeStats
← crispynuggz73

Arabian Desert

509996310Analyzed
1v1 RM · 4d ago on Sep 29, 2026· 56m 59s· 2 players
Game mode
Random Map
Map size
Tiny (2 player)
Population
200
Speed
Normal
Resources
Standard
Victory
Conquest
Starting age
Dark Age
Ending age
Imperial Age
RankedLock teamsTeams togetherTeam positionsShared explorationLock speedFull tech treeHidden civsTurbo modeCheats
Victory
Defeat
🇦🇷 Saracens · Argentina
541
+17
🇺🇸 Wu · United States
567
-17
juanheredia99
8:57 Loom
10:45 Feudal Age
13:34 Double-Bit Axe
19:14 Castle Age
19:21 Bloodlines
19:12 Gold Mining
21:49 Forging
21:38 Horse Collar
26:02 Scale Barding Armor
37:53 Imperial Age
39:18 Stone Mining
40:26 Fletching
40:40 Padded Archer Armor
41:04 Ballistics
40:10 Elite Skirmisher
45:15 Gold Shaft Mining
crispynuggz73
10:55 Feudal Age
11:11 Man-at-Arms
21:50 Castle Age
21:22 Scale Mail Armor
22:28 Pikeman
24:51 Chain Mail Armor
26:30 Crossbowman
26:58 Light Cavalry
41:18 Imperial Age
38:39 Long Swordsman
46:26 Scale Barding Armor
52:05 Plate Mail Armor
51:45 Forging
53:11 Chain Barding Armor
54:30 Two-Handed Swordsman
Connection lost

Rejoining the realm…

Still unreachable

The connection could not be restored.

Session expired

The server has moved on; the page needs a fresh start.